 Dungeon Crawl Stone Soup version 0.30.0-29-ga12c61a403 (webtiles) character file.

Game seed: 14217392986166923539

406 qw the Chopper (level 6, -5/37 HPs)
             Began as a Gargoyle Fighter on June 5, 2023.
             Killed by divine providence
             ... invoked by an orc priest
              (11 damage)
             ... on level 5 of the Dungeon.
             The game lasted 00:01:24 (3408 turns).

qw the Chopper (Gargoyle Fighter)                   Turns: 3408, Time: 00:01:25

Health: -5/37      AC: 18    Str: 22    XL:     6   Next: 87%
Magic:  6/6        EV: 10    Int:  8    God:
Gold:   224        SH:  8    Dex:  9    Spells: 5/5 levels left

rFire   + . .        Y - +0 war axe
rCold   . . .        e - +0 kite shield
rNeg    + . .        h - +0 plate armour
rPois   inf          (no helmet)
rElec   +            (no cloak)
rCorr   .            m - +1 pair of gloves
SInv    .            (no boots)
Will    .....        (no amulet) Stlth
                     q - ring of protection from fire
HPRegen 0.26/turn    r - +5 ring of evasion
MPRegen 0.10/turn

%: no passive effects
@: no status effects
A: sickness immunity, AC +4, negative energy resistance 1, electricity
resistance, torment resistance 1, petrification resistance
a: no special abilities


You were on level 5 of the Dungeon.
You visited 1 branch of the dungeon, and saw 5 of its levels.

You collected 224 gold pieces.


Innate Abilities, Weirdness & Mutations

You are immune to sickness and miasma.
Your stone body is resilient. (AC +4)
You are immune to poison.
You resist negative energy. (rN+)
You are resistant to electric shocks. (rElec)
You are resistant to unholy torment.
You are immune to petrification.


   Skills:
 + Level 3.3 Fighting
 - Level 5.4 Axes
 - Level 3.2 Armour
 - Level 5.3 Shields


You had 5 spell levels left.
You didn't know any spells.
Your spell library was empty.

Inventory:

Hand Weapons
 k - a +0 whip
 Y - a +0 war axe (weapon)
Armour
 e - a +0 kite shield (worn)
 h - a +0 plate armour (worn)
 m - a +1 pair of gloves (worn)
Jewellery
 q - a ring of protection from fire (left hand)
 r - a +5 ring of evasion (right hand)
Scrolls
 b - a scroll of immolation {unknown}
 n - a scroll of identify
Potions
 a - a potion of cancellation
 d - a potion of might
 f - a potion of magic {unknown}
 g - a potion of brilliance {unknown}
 i - a potion of heal wounds {unknown}
 j - a potion of curing {unknown}
 l - a potion of attraction {unknown}
 p - a potion of mutation {unknown}
 t - a potion of haste {unknown}

Dungeon Overview and Level Annotations

Branches:
Dungeon (5/15)
 Temple: D:4-7

Altars:
Ashenzari
Gozag

Shops:
D:1 [


Message History

The water moccasin is moderately wounded.
The water moccasin bites you but does no damage. x2
You slash the water moccasin!
The water moccasin is severely wounded.
The water moccasin bites you but does no damage.
The water moccasin bites you!
You closely miss the water moccasin.
The water moccasin is severely wounded.
The water moccasin closely misses you.
The water moccasin bites you but does no damage.
You closely miss the water moccasin.
The water moccasin is severely wounded.
You block the water moccasin's attack. x2
You hit the water moccasin but do no damage.
The water moccasin is severely wounded.
The water moccasin bites you. The water moccasin misses you.
An orc comes into view. It is wielding a +0 hand axe.
The orc shouts!
You hit the water moccasin.
The water moccasin is almost dead.
You hear a shout!
The water moccasin bites you. You block the water moccasin's attack.
You miss the water moccasin.
The water moccasin is almost dead.
You block the water moccasin's attack. The water moccasin barely misses you.
You closely miss the water moccasin.
The water moccasin is almost dead.
The water moccasin bites you.
The water moccasin bites you but does no damage.
You slash the water moccasin!
You kill the water moccasin!
Your Axes skill increases to level 5!
You slash the orc!
You kill the orc!
You start resting.
An orc priest comes into view. It is wielding a +0 trident.
3408 ||| FLEEEEING.
The orc priest calls down the wrath of Beogh upon you.
Beogh smites you!
You die...

..#.### # #.#.#.. .#
#.#.#.###.# ..#.#.#...
#.#.#.#.######
#.#.#.........
#.#.#.....#########
#.@...%<#.........#
#.#.#.#......####.#
.......)#.#.#....#.# #.#
........#.#.#.##.#.# #.#
.#####..#.#.#.#..#.####.#
#..#.#.#.#.........#
#..#.#.#.####.######
o..#.#.#......#
##.#...########


You could see an orc priest.

Vanquished Creatures
  A water moccasin (D:5)
  Pargi (D:4)
  2 jellies (D:4)
  Ijyb (D:3)
  5 adders
  A worm (D:3)
  3 dart slugs
  2 orcs
  5 ball pythons
  4 endoplasms
  2 giant cockroaches
  3 goblins
  5 hobgoblins
  9 quokkas
  7 bats
  5 frilled lizards
  6 kobolds
  2 rats
64 creatures vanquished.

Notes
Turn   | Place    | Note
-------+----------+-------------------------------------------
     0 | D:1      | qw the Gargoyle Fighter began the quest for the Orb.
     0 | D:1      | Reached XP level 1. HP: 14/14 MP: 1/1
     0 | D:1      | 0 ||| qw: Version: 0.2-a-108-gee2c290
     0 | D:1      | 0 ||| qw: Game counter: 1423
     0 | D:1      | 0 ||| qw: Always use a shield: true
     0 | D:1      | 0 ||| qw: God list: Okawaru
     0 | D:1      | 0 ||| qw: Allow faded altars: false
     0 | D:1      | 0 ||| qw: Do Orc after D:15 true
     0 | D:1      | 0 ||| qw: Do second Lair branch before Depths: true
     0 | D:1      | 0 ||| qw: Lair rune preference: random
     0 | D:1      | 0 ||| qw: Plans: Normal, Zot:1-4, Slime:5, God:TSO, Crypt,
                  | Tomb, Abyss, Pan, Hells, Win
     0 | D:1      | 0 ||| PLANNING D:1-11
   132 | D:1      | Reached XP level 2. HP: 19/19 MP: 2/2
   169 | D:1      | Found Efawagit's Armour Emporium.
   182 | D:1      | 182 ||| SHOPLISTING +0 pair of gloves (63 gold, have 18).
   182 | D:1      | 182 ||| SHOPLISTING +2 hood of the Assassin {Detect Stab+
                  | Stlth++} (840 gold, have 18).
   362 | D:1      | Reached skill level 3 in Axes
   377 | D:1      | 377 ||| DROPPING +0 club.
   417 | D:1      | 417 ||| UPGRADING to +0 plate armour.
   427 | D:1      | 427 ||| DROPPING +0 scale mail.
   428 | D:1      | 428 ||| READING scroll labelled NIUXOFEGUI.
   431 | D:1      | 431 ||| READING scroll labelled FOTYLARAUSU.
   642 | D:2      | Reached XP level 3. HP: 23/23 MP: 3/3
   665 | D:2      | 665 ||| Stepping ~*~*~tactically~*~*~ (stealth).
   666 | D:2      | 666 ||| Stepping ~*~*~tactically~*~*~ (stealth).
   726 | D:2      | 726 ||| Stepping ~*~*~tactically~*~*~ (stealth).
  1032 | D:2      | Reached XP level 4. HP: 28/28 MP: 4/4
  1213 | D:2      | 1213 ||| READING scroll labelled VATURINUGU.
  1246 | D:3      | Found a broken altar of Ashenzari.
  1274 | D:3      | 1274 ||| Stepping ~*~*~tactically~*~*~ (stealth).
  1362 | D:3      | Noticed Ijyb
  1378 | D:3      | HP: 5/28 [Ijyb/bolt of light (3)]
  1379 | D:3      | Killed Ijyb
  1790 | D:3      | Reached XP level 5. HP: 31/32 MP: 5/5
  1923 | D:3      | 1923 ||| Stepping ~*~*~tactically~*~*~ (hiding).
  2341 | D:3      | 2341 ||| UPGRADING to +0 kite shield.
  2351 | D:3      | 2351 ||| DROPPING +0 buckler.
  2352 | D:3      | 2352 ||| UPGRADING to +0 pair of gloves.
  2357 | D:3      | 2357 ||| UPGRADING to ring of protection from fire.
  2358 | D:3      | 2358 ||| UPGRADING to +5 ring of evasion.
  2359 | D:3      | 2359 ||| READING scroll labelled GUGHEU ACHO.
  2360 | D:3      | 2360 ||| READING 2 scrolls labelled KEUWANGUCE.
  2361 | D:3      | 2361 ||| READING scroll of enchant armour.
  2361 | D:3      | 2361 ||| ENCHANTING +0 pair of gloves.
  2434 | D:4      | 2434 ||| Stepping ~*~*~tactically~*~*~ (stealth).
  2438 | D:4      | 2438 ||| Stepping ~*~*~tactically~*~*~ (stealth).
  2612 | D:4      | Noticed Pargi
  2625 | D:4      | Killed Pargi
  2626 | D:4      | Reached XP level 6. HP: 31/37 MP: 6/6
  2801 | D:4      | Found an opulent altar of Gozag.
  3305 | D:4      | 3305 ||| READING scroll labelled WAUSUQ FUKK.
  3306 | D:4      | 3306 ||| READING 4 scrolls of identify.
  3306 | D:4      | 3306 ||| IDENTIFYING fizzy amethyst potion
  3307 | D:4      | 3307 ||| READING 3 scrolls of identify.
  3307 | D:4      | 3307 ||| IDENTIFYING viscous red potion
  3308 | D:4      | 3308 ||| READING 2 scrolls of identify.
  3308 | D:4      | 3308 ||| IDENTIFYING pink potion
  3309 | D:4      | 3309 ||| DROPPING potion of flight.
  3310 | D:4      | 3310 ||| DROPPING potion of berserk rage.
  3328 | D:5      | Entered Level 5 of the Dungeon
  3372 | D:5      | Noticed a water moccasin
  3401 | D:5      | HP: 6/37 [water moccasin (6)]
  3404 | D:5      | Killed a water moccasin
  3408 | D:5      | 3408 ||| FLEEEEING.
  3408 | D:5      | Killed from afar by an orc priest

Levels and vault maps discovered:
D:1:      erik_arrival_orb_chamber, layout_rooms, serial_shops, shop
D:2:      layout_basic
D:3:      kennysheep_six_static_rooms, layout_basic, ashenzari_altar_1,
          minmay_liquid_box, uniq_ijyb
D:4:      layout_layer_cave, mainiacjoe_overflow_cross_hatched, uniq_pargi
D:5:      layout_basic, grunt_temple_overflow_open, kennysheep_mini_moat,
          minmay_temple_entry_mist, uniq_duvessa

Skill      XL: |  1  2  3  4  5  6 |
---------------+-------------------+-----
Axes           | 2 3 4 5 |  5.4
Shields        | 5 |  5.3
Fighting       | |  3.3
Armour         | |  3.2

Action                     |  1- 3 |  4- 6 || total
---------------------------+-------+-------++-------
  Melee: War axe           |    82 |   120 ||   202
    Use: Scroll            |     2 |     8 ||    10
 Armour: Scale mail        |    19 |       ||    19
         Plate armour      |    29 |    73 ||   102
  Dodge: Dodged            |    26 |    60 ||    86
  Block: Buckler           |     7 |     5 ||    12
         Kite shield       |       |    19 ||    19

Table legend:
 A = Non-vault XP
 B = Vault XP
 C = Vault XP percentage of total XP
 D = Non-vault monster count
 E = Vault monster count
 F = Vault count percentage of total count
                 A         B        C        D         E       F
            +---------+---------+-------+---------+---------+-------
      Total |     387 |     193 |  33.3 |      56 |       8 |  12.5
            +---------+---------+-------+---------+---------+-------
        D:1 |      31 |       0 |   0.0 |      20 |       0 |   0.0
        D:2 |      58 |       0 |   0.0 |      18 |       0 |   0.0
        D:3 |      31 |      55 |  64.0 |       9 |       7 |  43.8
        D:4 |      91 |     138 |  60.3 |       5 |       1 |  16.7
        D:5 |     176 |       0 |   0.0 |       4 |       0 |   0.0
            +---------+---------+-------+---------+---------+-------
